 Dungeon Crawl Stone Soup version 0.30.1-11-g7821555f0a (webtiles) character file.

Game seed: 3055502852929198449

91480 GriffinBr the Warrior (level 15, -9/135 (150) HPs)
             Began as a Minotaur Berserker on Dec 15, 2023.
             Was a High Priest of Trog.
             Mangled by a +1 battleaxe of draining (12 damage)
             ... on level 1 of the Elven Halls on Dec 16, 2023.
             The game lasted 02:15:42 (24684 turns).

GriffinBr the Warrior (Minotaur Berserker)         Turns: 24684, Time: 02:15:45

HP:   -9/135 (150)  AC: 24    Str: 29    XL:     15   Next: 55%
MP:   14/14         EV: 12    Int:  4    God:    Trog [*****.]
Gold: 2366          SH: 17    Dex: 12    Spells: 14/14 levels left

rFire   . . .        t - +4 broad axe (heavy)
rCold   + . .        j - +0 kite shield
rNeg    . . .        H - +2 plate armour {rPois}
rPois   +            (helmet restricted)
rElec   .            J - +0 cloak
rCorr   .            I - +0 pair of gloves
SInv    .            a - +2 pair of boots of Abstinence {rPois rC+ Dex-4}
Will    +....        f - amulet of reflection Stlth
                     G - +6 ring of dexterity
HPRegen 0.42/turn    B - ring of flight
MPRegen 0.14/turn

%: reflection
@: on berserk cooldown, flying, slowed, heavily drained, very slow
A: horns 2, retaliatory headbutt
a: Renounce Religion, Berserk, Trog's Hand, Brothers in Arms


You were on level 1 of the Elven Halls.
You worshipped Trog.
Trog was extremely pleased with you.
You visited 5 branches of the dungeon, and saw 22 of its levels.
You visited the Abyss 1 time.
You also visited: Sewer and Ossuary.

You collected 2366 gold pieces.

Inventory:

Hand Weapons
 m - a +1 antimagic broad axe
 t - a +4 heavy broad axe (weapon)
Missiles
 o - 61 poisoned darts (quivered)
 s - 3 curare-tipped darts
 v - 11 boomerangs
 A - 3 throwing nets
Armour
 a - the +2 pair of boots of Abstinence (worn) {rPois rC+ Dex-4}
   (You found it on level 7 of the Dungeon)

   Dex:       It affects your dexterity (-4).
   rC:        It protects you from cold.
   rPois:     It protects you from poison.
 j - a +0 kite shield (worn)
 w - a +1 chain mail of willpower
 H - a +2 plate armour of poison resistance (worn)
 I - a +0 pair of gloves (worn)
 J - a +0 cloak (worn)
Jewellery
 f - an amulet of reflection (around neck)
 B - a ring of flight (right hand)
 G - a +6 ring of dexterity (left hand)
 P - the dreamshard necklace {*Dream Drain}
   (You found it on level 13 of the Dungeon)

   [amulet of nothing]

   *Dream:    It shatters if its wearer takes lethal or near-lethal damage,
   preventing the blow and releasing protective dreams that heal and fight for
   the wearer.
   Drain:     It drains your maximum health when unequipped.
Wands
 k - a wand of paralysis (22)
 x - a wand of polymorph (8)
 z - a wand of flame (22)
 D - a wand of acid (9)
 E - a wand of digging (5)
Scrolls
 d - 6 scrolls of enchant weapon
 i - 2 scrolls of brand weapon
 q - 3 scrolls of magic mapping
 y - 5 scrolls of fog
 C - 2 scrolls of enchant armour
 L - a scroll of poison
 M - 4 scrolls of identify
 N - a scroll of silence {unknown}
Potions
 b - 3 potions of curing
 c - 4 potions of flight
 e - 10 potions of mutation
 l - 7 potions of might
 n - 2 potions of resistance
 p - a potion of haste
 r - a potion of heal wounds
 u - 4 potions of lignification
 F - 2 potions of invisibility
 O - a potion of ambrosia
Miscellaneous
 g - a piece from Xom's chessboard (15/15)
 K - a lightning rod (4/4)


   Skills:
 * Level 18.3 Fighting
 * Level 18.3 Axes
 + Level 13.3 Armour
 + Level 12.2 Dodging
 + Level 12.1 Shields


You had 14 spell levels left.
You didn't know any spells.
Your spell library was empty.

Dungeon Overview and Level Annotations

Branches:
Dungeon (15/15)            Temple (1/1) D:4            Lair (3/5) D:8
 Shoals (0/4) Lair:2       Spider (0/4) Lair:2          Orc (2/2) D:9
    Elf (1/3) Orc:2        Vaults (0/5) D:13         Depths (0/4) D:15
  Sewer (visited)         Ossuary (visited)

Altars:
Ashenzari
Cheibriados
Dithmenos
Elyvilon
Fedhas
Gozag
Hepliaklqana
Kikubaaqudgha
Makhleb
Nemelex Xobeh
Okawaru
Qazlal
Ru
Sif Muna
Trog
Uskayaw
Vehumet
Wu Jian
Xom
Yredelemnul
Zin
The Shining One

Shops:
Orc:2 *[?*

Portals:
Abyss: Lair:3

Annotations:
D:12 3 runed translucent doors
Lair:2 3 runed translucent doors, caleiya's ghost, journeyman GrFi
Lair:3 Nyazih's ghost, journeyman GnCA


Innate Abilities, Weirdness & Mutations

You have a pair of horns on your head.
You reflexively headbutt those who attack you in melee.


Message History

* * * LOW HITPOINT WARNING * * *
You feel much better.
Your surroundings suddenly seem different.
A deep elf archer and a +1 battleaxe of draining come into view.
The deep elf archer shouts!
The +1 battleaxe of draining hits you.
You feel drained.
The deep elf archer unwields a +0 dagger.
The deep elf archer wields a +0 shortbow.
The deep elf archer shoots an arrow.
The arrow barely misses you. The +1 battleaxe of draining hits you!
* * * LOW HITPOINT WARNING * * *
You feel drained.
* * * LOW HITPOINT WARNING * * *
You completely miss the +1 battleaxe of draining.
You headbutt the +1 battleaxe of draining, but do no damage.
The +1 battleaxe of draining hits you but does no damage.
You feel drained.
The deep elf archer casts a spell at you.
You resist with some effort.
You block the +1 battleaxe of draining's attack.
The deep elf archer shoots an arrow.
You block the arrow with an invisible shield... and reflect it back!
The arrow hits the deep elf archer!
You hit the +1 battleaxe of draining but do no damage.
You block the +1 battleaxe of draining's attack.
A fire elemental comes into view.
The deep elf archer shoots an arrow.
The arrow hits you!
* * * LOW HITPOINT WARNING * * *
The +1 battleaxe of draining hits you but does no damage.
You feel drained.
The deep elf archer casts a spell at you.
You resist with some effort.
You slice the +1 battleaxe of draining!!
You headbutt the +1 battleaxe of draining.
The +1 battleaxe of draining is severely damaged.
The +1 battleaxe of draining hits you but does no damage.
You feel drained. The +1 battleaxe of draining hits you!!
* * * LOW HITPOINT WARNING * * *
You feel drained.
You die...

##.....#' #'.....##
#+.......# ##.......##
#......... #.........#
#......... #.........+
.'.........
#.........####.........
#°☼.....# #.........
○#.E.(.# '#.......#
#e.@## ##.....##
#####.# ####### #.....#
+.....# #.....# ###.###
##


You could see a deep elf archer (repels missiles), a fire elemental and a +1
battleaxe of draining.

Vanquished Creatures
  4 tentacled starspawn (Abyss:3)
  An orc warlord (Elf:1)
  A deep elf demonologist (Elf:1)
  3 hydras
  A spriggan skeleton (Abyss:3)
  The ghost of mindfreak the Spear-Bearer, a journeyman DsGl of Makhleb (Orc:1)
  A ghost crab (Abyss:3)
  A boulder beetle (D:15)
  4 centaur warriors
  A dancing weapon (Elf:1)
  2 death yaks
  6 two-headed ogres
  A two-headed ogre (shapeshifter) (Elf:1)
  5 orc high priests
  A deep elf knight (Elf:1)
  A fire crab (Abyss:3)
  7 skeletal warriors
  Amaemon (D:7)
  A sphinx zombie (D:15)
  7 orc knights
  An orb spider (Lair:2)
  A phantasmal warrior (D:15)
  5 deep elf zephyrmancers
  6 wizards (D:13)
  3 deep elf pyromancers
  An orange crystal statue (D:12)
  2 necromancers
  17 ugly things
  6 orc sorcerers
  2 manticores
  2 cyclopes
  2 torpor snails (Lair:2)
  An iron dragon skeleton (D:15)
  An orange demon (D:7)
  Maurice (Orc:1)
  A gargoyle (D:12)
  11 centaur skeletons (D:12)
  5 cane toads
  An unseen horror (shapeshifter) (D:14)
  A kobold demonologist (D:14)
  3 unseen horrors
  A tormentor (Abyss:3)
  3 komodo dragons
  A tengu conjurer (D:13)
  2 efreet
  2 polar bears (D:12)
  11 trolls
  A hornet (D:9)
  2 spriggan zombies (D:15)
  5 dream sheep (Lair:2)
  4 flying skulls (D:12)
  A vampire (D:11)
  2 centaur simulacra (D:12)
  A water elemental (Elf:1)
  7 slime creatures (D:15)
  A wyvern (Lair:2)
  4 wraiths
  8 shadows
  32 yaks
  2 steam dragons
  A neqoxec (Abyss:3)
  4 large abominations (Abyss:3)
  2 basilisks
  25 vampire mosquitoes
  An acid dragon (D:10)
  Edmund (D:5)
  2 wargs (Orc:1)
  A water moccasin (Lair:1)
  36 orc warriors
  A sky beast (D:7)
  A black bear (D:6)
  8 ice beasts
  7 ogres
  3 small abominations (Abyss:3)
  11 wolves
  3 boggarts (D:14)
  3 elf zombies
  6 kobold brigands
  6 bullfrogs
  A gnoll sergeant (D:12)
  3 scorpions
  An elf skeleton (D:5)
  7 wights
  2 howler monkeys (D:10)
  8 electric eels
  A bullfrog zombie (D:7)
  2 human zombies
  A jelly (D:6)
  8 centaur zombies
  12 hounds
  20 orc priests
  7 starcursed masses (Abyss:3)
  2 human skeletons (D:5)
  3 gnoll boudas
  A boggart zombie (D:12)
  4 iguanas
  39 orc wizards
  2 hell rats (Lair:2)
  A boggart skeleton (D:12)
  2 killer bee zombies (D:7)
  3 hound zombies (Ossuary)
  3 mummies (Ossuary)
  15 gnolls
  8 adders
  13 river rats
  A shadow imp (D:5)
  6 white imps
  3 ufetubi
  5 adder zombies (Ossuary)
  2 worms
  A dart slug (D:5)
  87 orcs
  7 endoplasms
  7 giant cockroaches
  A gnoll zombie (Ossuary)
  7 goblins
  7 hobgoblins
  3 jackals (D:3)
  35 kobolds
  5 quokkas
  14 ball pythons
  8 bats
  5 frilled lizards
  3 goblin zombies (Ossuary)
  5 hobgoblin zombies (Ossuary)
  A jackal zombie (Ossuary)
  4 kobold zombies (Ossuary)
  An orc skeleton (D:5)
  2 orc zombies (Ossuary)
  4 quokka zombies (Ossuary)
  31 rats
  3 rat zombies (Ossuary)
  A starspawn tentacle (Abyss:3)
  4 tentacles (Abyss:3)
767 creatures vanquished.

Vanquished Creatures (others)
  A kraken (Abyss:3)
  A deep elf pyromancer (D:13)
  An orc priest (D:9)
  An orc (D:9)
  7 starspawn tentacles (Abyss:3)
  7 tentacles (Abyss:3)
18 creatures vanquished.

Grand Total: 785 creatures vanquished

Notes
Turn   | Place    | Note
-------+----------+-------------------------------------------
     0 | D:1      | GriffinBr the Minotaur Berserker began the quest for the
                  | Orb.
     0 | D:1      | Reached XP level 1. HP: 19/19 MP: 0/0
   117 | D:1      | Found a faded altar of an unknown god.
   231 | D:1      | Reached XP level 2. HP: 25/27 MP: 1/1
   600 | D:1      | Reached ** piety under Trog
   601 | D:1      | Reached XP level 3. HP: 33/33 MP: 2/2
  1341 | D:3      | Reached XP level 4. HP: 37/41 MP: 3/3
  1441 | D:3      | Found a white marble altar of Elyvilon.
  1462 | D:3      | Identified the +0 leather armour of Resonant Surprise
                  | {rElec rF++ Str-2 Dex+3}
  2081 | D:4      | Noticed an ice beast
  2099 | D:4      | Killed an ice beast
  2100 | D:4      | Reached skill level 5 in Fighting
  2100 | D:4      | Reached skill level 5 in Axes
  2100 | D:4      | Reached XP level 5. HP: 38/48 MP: 4/4
  2269 | D:4      | Paralysed by an orc for 3 turns
  2330 | D:4      | Found a staircase to the Ecumenical Temple.
  2633 | D:4      | Reached *** piety under Trog
  2641 | D:4      | Reached XP level 6. HP: 52/56 MP: 5/5
  2648 | D:4      | Found a glowing drain.
  2656 | Sewer    | Entered a sewer
  2865 | Sewer    | Reached **** piety under Trog
  3735 | D:5      | Entered Level 5 of the Dungeon
  3843 | D:5      | Reached XP level 7. HP: 50/63 MP: 6/6
  3897 | D:5      | Found a sand-covered staircase.
  3909 | Ossuary  | Entered an ossuary
  4156 | Ossuary  | Reached skill level 5 in Armour
  4167 | Ossuary  | Reached ***** piety under Trog
  4307 | D:5      | Reached XP level 8. HP: 67/73 MP: 7/7
  4628 | D:5      | Found a basalt altar of Yredelemnul.
  4747 | D:5      | Received a gift from Trog
  4772 | D:5      | Noticed Edmund
  4786 | D:5      | Killed Edmund
  4787 | D:5      | Reached skill level 5 in Dodging
  4850 | D:5      | Reached skill level 1 in Shields
  5079 | D:5      | Identified the +1 mace of Asmuntur {venom, Int+3}
  5335 | Temple   | Entered the Ecumenical Temple
  5898 | D:6      | Found a sparkling altar of Nemelex Xobeh.
  5984 | D:6      | Reached XP level 9. HP: 72/82 MP: 8/8
  6627 | D:7      | Identified the +2 pair of boots of Abstinence {rPois rC+
                  | Dex-4}
  6946 | D:8      | Noticed a troll
  6946 | D:8      | Noticed Amaemon
  6946 | D:8      | Noticed an orange demon
  6955 | D:7      | Killed an orange demon
  6967 | D:7      | Killed a troll
  7029 | D:8      | Paralysed by Amaemon for 5 turns
  7044 | D:7      | Reached skill level 10 in Axes
  7092 | D:7      | Killed Amaemon
  7093 | D:7      | Reached skill level 10 in Fighting
  7093 | D:7      | Reached XP level 10. HP: 88/93 MP: 9/9
  7286 | D:8      | Found a staircase to the Lair.
  8123 | Lair:1   | Entered Level 1 of the Lair of Beasts
  8273 | Lair:1   | Noticed a cane toad
  8284 | Lair:1   | Killed a cane toad
  8285 | Lair:1   | Reached skill level 5 in Shields
  8302 | Lair:1   | Noticed a cane toad
  8320 | Lair:1   | Killed a cane toad
  8830 | Lair:1   | Received a gift from Trog
  9210 | Lair:2   | Noticed a death yak
  9210 | Lair:2   | Noticed a death yak
  9218 | Lair:2   | Noticed a torpor snail
  9232 | Lair:1   | Killed a death yak
  9382 | Lair:2   | Reached XP level 11. HP: 68/104 MP: 10/10
  9386 | Lair:2   | Killed a death yak
  9568 | Lair:2   | Found a runed translucent gate.
 10082 | Lair:2   | Identified the +6 war axe of Psychosis {heavy, Stlth+}
 10090 | Lair:2   | Found a runed translucent gate.
 10091 | Lair:2   | Found a runed translucent gate.
 10094 | Lair:2   | Noticed a ten-headed hydra
 10094 | Lair:2   | Noticed caleiya's ghost (journeyman GrFi)
 10095 | Lair:2   | Noticed a ten-headed hydra
 10146 | Lair:2   | Found a staircase to the Shoals.
 10246 | Lair:2   | Found a hole to the Spider Nest.
 10246 | Lair:2   | Noticed an orb spider
 10488 | Lair:2   | Killed an orb spider
 10544 | Lair:2   | Noticed an eight-headed hydra
 10563 | Lair:2   | Killed a 17-headed hydra
 11351 | Lair:3   | Noticed a spriggan rider
 11358 | Lair:3   | Noticed a great orb of eyes
 11367 | Lair:3   | Found a one-way gate to the infinite horrors of the Abyss.
 11367 | Lair:3   | Noticed Nyazih's ghost (journeyman GnCA)
 11368 | Lair:3   | Noticed a white ugly thing
 11575 | D:9      | Reached XP level 12. HP: 95/115 MP: 11/11
 11672 | D:9      | Noticed a two-headed ogre
 11693 | D:9      | Killed a two-headed ogre
 11826 | D:9      | Found an iron altar of Okawaru.
 11969 | D:9      | Noticed a two-headed ogre
 11975 | D:9      | Killed a two-headed ogre
 12526 | D:9      | Found a staircase to the Orcish Mines.
 12768 | Orc:1    | Entered Level 1 of the Orcish Mines
 12986 | Orc:1    | Found a runed translucent gate.
 12986 | Orc:1    | Found a runed translucent gate.
 12986 | Orc:1    | Found a runed translucent gate.
 13014 | Orc:1    | Noticed mindfreak's ghost (journeyman DsGl)
 13427 | Orc:2    | Entered Level 2 of the Orcish Mines
 13429 | Orc:2    | Noticed Maurice
 13443 | Orc:1    | Reached skill level 10 in Armour
 13480 | Orc:1    | Killed Maurice
 13651 | Orc:2    | Noticed an orc high priest
 13676 | Orc:1    | Received a gift from Trog
 13948 | Orc:2    | Killed an orc high priest
 14447 | Orc:2    | Found Zofrula's Antique Armour Boutique.
 14447 | Orc:2    | Found Qojuse's Assorted Antiques.
 14454 | Orc:2    | Found Buudiypt's General Store.
 14454 | Orc:2    | Found Foucew's Magic Scroll Shop.
 14735 | Orc:2    | Found a staircase to the Elven Halls.
 15312 | Elf:1    | Entered Level 1 of the Elven Halls
 15969 | Orc:1    | Noticed an orc high priest
 15975 | Orc:1    | Killed an orc high priest
 16267 | Orc:1    | Reached XP level 13. HP: 116/118 MP: 4/12
 16430 | Orc:1    | Killed mindfreak's ghost
 16538 | D:10     | Entered Level 10 of the Dungeon
 17267 | D:11     | Received a gift from Trog
 17268 | D:11     | Reached skill level 15 in Axes
 17322 | D:11     | Reached skill level 15 in Fighting
 17580 | D:11     | Reached skill level 10 in Dodging
 18113 | D:12     | Found a runed translucent door.
 18130 | D:12     | Found a runed translucent door.
 18144 | D:12     | Found a runed translucent door.
 18157 | D:12     | Found a runed translucent door.
 18182 | D:12     | You are sucked into a shaft and drop 3 floors!
 18182 | D:15     | Entered Level 15 of the Dungeon
 18918 | D:12     | Reached skill level 10 in Shields
 18969 | D:12     | Received a gift from Trog
 19140 | D:12     | Identified the +2 dagger "Osuus" {freeze, *Noise rC++
                  | Str+5}
 19146 | D:12     | Reached XP level 14. HP: 72/137 MP: 4/13
 19952 | D:12     | Identified the +0 scale mail of Kostaeh {rN+ Str+2 Dex+3}
 20468 | D:13     | Found a gate to the Vaults.
 20831 | D:13     | Found the dreamshard necklace {*Dream Drain}
 20999 | D:13     | Received a gift from Trog
 21081 | Abyss:2  | Cast into level 2 of the Abyss (a wizard)
 21150 | Abyss:3  | Noticed a kraken
 21157 | Abyss:3  | Noticed a tentacled monstrosity
 21166 | Abyss:3  | Killed a kraken
 21209 | Abyss:3  | Found a corrupted altar of Lugonu.
 21271 | Abyss:3  | Noticed a tentacled monstrosity
 21358 | Abyss:3  | Noticed a tentacled starspawn
 21364 | Abyss:3  | Killed a tentacled starspawn
 21523 | Abyss:3  | Noticed a reaper
 21530 | Abyss:3  | Found a corrupted altar of Lugonu.
 21543 | Abyss:3  | Noticed a tentacled starspawn
 21543 | Abyss:3  | Noticed a tentacled starspawn
 21544 | Abyss:3  | Noticed a tentacled starspawn
 21550 | Abyss:3  | Killed a tentacled starspawn
 21551 | Abyss:3  | Killed a tentacled starspawn
 21559 | Abyss:3  | Killed a tentacled starspawn
 21562 | D:13     | Escaped the Abyss
 21761 | D:13     | Identified the +0 leather armour "Otiunteg" {Harm rPois rF-
                  | Stlth-}
 22116 | D:14     | Received a gift from Trog
 22498 | D:14     | Reached XP level 15. HP: 118/147 MP: 14/14
 22530 | D:14     | Found a blossoming altar of Fedhas.
 23462 | D:15     | Found a staircase to the Depths.
 23465 | D:15     | Received a gift from Trog
 24662 | Elf:1    | Noticed a Hell Sentinel
 24684 | Elf:1    | HP: 3/141 [+1 battleaxe of draining (25)]
 24684 | Elf:1    | Mangled by a +1 battleaxe of draining

Illustrated notes

Levels and vault maps discovered:
D:1:      saegor_arrival_simple_a, layout_rooms,
          chequers_ecumenical_altar_simple_redux, minmay_misc_feat_rows,
          roderic_serpentine_path
D:2:      layout_basic
D:3:      layout_rooms, elyvilon_altar_4
D:4:      layout_loops_corners, minmay_temple_entry_overgrown,
          portal_sewer_entry_e, serial_bayou, serial_bayou_lake_a,
          serial_bayou_lagoon_b, serial_bayou_shore_a, serial_bayou_ford_a
D:5:      layout_loops_corners, yredelemnul_altar_generic,
          nicolae_ossuary_entry_catacombs, minivault_27, uniq_edmund
D:6:      layout_rooms, nemelex_diamond_rough_becter
D:7:      layout_loops_ring, serial_undead, serial_undead_e, serial_undead_a,
          serial_undead_f, serial_undead_b, grunt_ministairs_1
D:8:      layout_gridville, erik_lair_island, uniq_amaemon
D:9:      layout_irregular_city, kennysheep_okawaru_gauntlet, erik_orc_2,
          lemuel_flamethrower_1
D:10:     layout_rooms
D:11:     layout_roguey
D:12:     hangedman_screamer, layout_rooms, serial_ice, serial_ice_f,
          serial_ice_m, serial_ice_o, serial_ice_i, serial_ice_d, serial_ice_e,
          serial_ice_b, serial_ice_g, serial_ice_a, serial_ice_c,
          minmay_statue_crystal_thing
D:13:     minmay_tri_stars, layout_cave_pods, david_vaults_1
D:14:     layout_roguey, fedhas_altar_1, special_room [special_room_orc]
D:15:     gammafunk_depths_entry_grave, layout_irregular_city, abandoned_shop
Temple:   nicolae_temple_bog_church
Lair:1:   layout_cave_pods, st_stairs_10, lemuel_fruit_tree
Lair:2:   layout_regular_city, shoals_dummy_entry,
          nicolae_spider_entry_orb_guardian, gammafunk_ghost_hydra_chop,
          kennysheep_rathole, grunt_megastairs_3, infiniplex_staircase_pool_2
Lair:3:   layout_loops_ring, gammafunk_ghost_abyssal_escape, grunt_megastairs_5,
          uniq_gastronok
Orc:1:    layout_diamond_mine, ebering_ghost_rock_garden
Orc:2:    st_orc_mages, layout_caves, basic_altar, abandoned_shop, uniq_maurice
Elf:1:    eino_elf_arrival_customs, layout_geoelf_octagon, special_room
          [special_room_orc], hangedman_corner_corridor

Skill      XL: |  1  2  3  4  5  6  7  8  9 10 11 12 13 14 15 |
---------------+----------------------------------------------+-----
Fighting       | 4 5 6 7 8 10 11 13 14 16 17 18 | 18.3
Axes           | 4 5 6 7 8 10 11 13 14 16 17 18 | 18.3
Armour         | 3 4 5 6 7 8 9 10 11 12 13 | 13.3
Dodging        | 3 4 5 6 7 8 9 10 11 12 | 12.2
Shields        | 2 4 6 7 9 10 11 12 | 12.1

Action                     |  1- 3 |  4- 6 |  7- 9 | 10-12 | 13-15 || total
---------------------------+-------+-------+-------+-------+-------++-------
  Melee: Hand axe          |   101 |   208 |   241 |       |       ||   550
         Headbutt          |    12 |    28 |    82 |   117 |   229 ||   468
         Punch             |       |     2 |       |       |       ||     2
         War axe           |       |       |   185 |   539 |       ||   724
         Broad axe         |       |       |       |   190 |   913 ||  1103
 Invoke: Berserk           |     1 |     1 |     2 |    10 |     8 ||    22
         Trog's Hand       |       |     1 |     1 |     4 |     4 ||    10
  Evoke: Wand              |       |       |       |     1 |       ||     1
    Use: Scroll            |     4 |     7 |    10 |     8 |     9 ||    38
         Potion            |       |       |       |       |    14 ||    14
 Armour: Ring mail         |    35 |     8 |       |       |       ||    43
         Chain mail        |       |    79 |   179 |   320 |       ||   578
         Plate armour      |       |       |       |       |   387 ||   387
  Dodge: Dodged            |    62 |    77 |   131 |   214 |   245 ||   729
  Block: Other             |    10 |    45 |       |       |       ||    55
         Kite shield       |       |    11 |   271 |   434 |   671 ||  1387
         Reflection        |       |     2 |       |    10 |    14 ||    26
